 Dungeon Crawl Stone Soup version 0.23-a0-350-g6fd5563 (webtiles) character file.

176 tilp the Chiller (level 5, -2/39 HPs)
             Began as a Merfolk Ice Elementalist on Oct 20, 2018.
             Killed by divine providence
             ... invoked by an orc priest
              (8 damage)
             ... on level 4 of the Dungeon.
             The game lasted 00:09:18 (3938 turns).

tilp the Chiller (Merfolk Ice Elementalist)         Turns: 3938, Time: 00:09:20

Health: -2/39      AC:  2    Str:  8    XL:     5   Next: 56%
Magic:  2/8        EV: 13    Int: 16    God:
Gold:   154        SH:  0    Dex: 14    Spells: 2/8 levels left

rFire    . . .     SeeInvis .   d - +0 dagger
rCold    . . .     Gourm    .   (no shield)
rNeg     . . .     Faith    .   a - +0 robe
rPois    .         Spirit   .   (no helmet)
rElec    .         Reflect  .   (no cloak)
rCorr    .         Harm     .   (no gloves)
MR       .....                  (no boots)
Stlth    ++........             (no amulet)
HPRegen  0.13/turn              (no ring)
MPRegen  0.11/turn              (no ring)

@: lethally poisoned (-2 -> -8)
A: change form in water, swift swim, stealthy swim
a: no special abilities


You were on level 4 of the Dungeon.
You were hungry.

You visited 1 branch of the dungeon, and saw 4 of its levels.

You collected 154 gold pieces.

Inventory:

Hand Weapons
 d - a +0 dagger (weapon)
 r - a +0 hunting sling
Missiles
 l - 208 stones (quivered)
 t - 24 sling bullets
Armour
 a - a +0 robe (worn)
Jewellery
 i - a cursed -3 ring of dexterity {unknown}
 j - an uncursed ring of fire {unknown}
Scrolls
 b - 4 scrolls of remove curse {unknown}
 f - a scroll of random uselessness {unknown}
 g - 4 scrolls of teleportation {unknown}
 m - 2 scrolls of fear {unknown}
 n - 5 scrolls of identify {unknown}
 p - a scroll of immolation {unknown}
 q - a scroll of amnesia {unknown}
 s - a scroll of magic mapping {unknown}
Potions
 e - a potion of cancellation {unknown}
 h - a potion of curing
 k - a potion of mutation {unknown}
 o - 2 potions of flight {unknown}
 v - a potion of resistance {unknown}
Comestibles
 c - 4 rations
 u - 3 chunks of flesh


   Skills:
 + Level 2.6 Fighting
 - Level 2.6 Dodging
 - Level 2.1 Stealth
 - Level 2.0 Spellcasting
 - Level 0.7 Conjurations
 - Level 6.0 Ice Magic


You had 2 spell levels left.
You knew the following spells:

 Your Spells              Type           Power        Failure   Level  Hunger
a - Freeze                Ice            ###.         1%          1    #......
b - Throw Frost           Conj/Ice       ##....       8%          2    ###....
c - Ozocubu's Armour      Chrm/Ice       ##......     19%         3    ###....

Your spell library contained the following spells:

 Spells                   Type           Power        Failure   Level  Hunger
 Throw Icicle             Conj/Ice       ##......     45%         4    #####..
 Summon Ice Beast         Ice/Summ       ##......     52%         4    #####..


Dungeon Overview and Level Annotations

Branches:
Dungeon (4/15)
 Temple: D:4-7

Altars:
The Shining One

Annotations:
D:3 exclusion: 2 doors


Message History

Press: ? - help, Shift-Dir - straight line, f/p - orc
Aim: an orc, wielding a +0 flail (lightly wounded)
You freeze the orc.
You kill the orc!
The orc priest hits you with a +2 short sword of venom.
* * * LOW HITPOINT WARNING * * *
You are lethally poisoned!
Casting: Freeze (safe; 1% risk of failure)
Confirm with . or Enter, or press ? or * to list all spells.
Aiming: Freeze (safe; 1% risk of failure)
Press: ? - help, Shift-Dir - straight line, f - orc priest
Aim: an orc priest, wielding a +2 short sword of venom (heavily wounded)
You freeze the orc priest.
The orc priest is almost dead.
You are feeling hungry.
* * * LOW HITPOINT WARNING * * *
You feel sick.
The orc priest calls down the wrath of Beogh upon you.
Beogh smites you!
You die...

##.# #. #..# #.
#.## #) #.# #. #.#
###. #.# ... #.#
####.###########.#
#...oo@..........#
#.##.#############
#. #o #. #. .. ##


You could see an orc priest and an orc wizard.

Vanquished Creatures
  A hound (D:2)
  6 adders
  2 oozes
  A worm (D:2)
  4 dart slugs
  2 leopard geckos (D:1)
  6 orcs
  2 ball pythons (D:2)
  2 giant cockroaches (D:1)
  7 goblins
  5 hobgoblins
  3 jackals (D:2)
  5 bats
  6 frilled lizards
  13 kobolds
  3 rats
68 creatures vanquished.

Notes
Turn   | Place    | Note
-------+----------+-------------------------------------------
     0 | D:1      | tilp the Merfolk Ice Elementalist began the quest for the
                  | Orb.
     0 | D:1      | Reached XP level 1. HP: 13/13 MP: 3/3
   449 | D:1      | Reached XP level 2. HP: 18/19 MP: 3/5
   453 | D:1      | Learned a level 2 spell: Throw Frost
   586 | D:1      | Reached skill level 4 in Ice Magic
   938 | D:2      | Reached XP level 3. HP: 22/24 MP: 3/6
   943 | D:2      | Learned a level 3 spell: Ozocubu's Armour
  1172 | D:2      | Reached skill level 5 in Ice Magic
  1489 | D:2      | Reached XP level 4. HP: 23/30 MP: 3/7
  1999 | D:2      | Reached skill level 6 in Ice Magic
  2361 | D:3      | Found a faded altar of an unknown god.
  2472 | D:3      | Reached XP level 5. HP: 36/36 MP: 6/8
  2536 | D:3      | Reached skill level 1 in Fighting
  3390 | D:3      | Found a glowing golden altar of the Shining One.
  3595 | D:3      | Noticed a big kobold
  3938 | D:4      | Killed from afar by an orc priest

Vault maps used:
D:1:      scummos_arrival_hexagon, chequers_serial_rivers_marsh, minivault_11
D:2:      hex_intersection
D:3:      minmay_goblin_kobold_castle, chequers_ecumenical_altar_simple_redux,
          nicolae_tso_swordbearing_angel, uniq_grinder
D:4:      nicolae_overflow_hidden_temple, minmay_temple_entry_butterflies

Skill      XL: |  1  2  3  4  5 |
---------------+----------------+-----
Ice Magic      | 4 5 6 |  6.0
Fighting       | 2 |  2.6
Dodging        | |  2.6
Stealth        | |  2.1
Spellcasting   | |  2.0
Conjurations   | |  0.7

Action                   |  1- 3 |  4- 6 || total
-------------------------+-------+-------++-------
Melee: Whip              |    14 |    19 ||    33
       Dagger            |       |    20 ||    20
Throw: Stone             |     1 |     1 ||     2
 Cast: Freeze            |    37 |    73 ||   110
       Throw Frost       |       |     4 ||     4
  Use: Potion            |       |     1 ||     1
 Stab: Sleeping          |     4 |     2 ||     6
  Eat: Chunk             |     2 |     9 ||    11
Armor: Robe              |    11 |    11 ||    22
Dodge: Dodged            |    25 |    82 ||   107

Table legend:
 A = Non-vault XP
 B = Vault XP
 C = Vault XP percentage of total XP
 D = Non-vault monster count
 E = Vault monster count
 F = Vault count percentage of total count
                 A         B        C        D         E       F
            +---------+---------+-------+---------+---------+-------
      Total |     240 |      12 |   4.8 |      60 |       8 |  11.8
            +---------+---------+-------+---------+---------+-------
        D:1 |      46 |       0 |   0.0 |      17 |       0 |   0.0
        D:2 |     114 |       0 |   0.0 |      25 |       0 |   0.0
        D:3 |      60 |      12 |  16.7 |      12 |       8 |  40.0
        D:4 |      20 |       0 |   0.0 |       6 |       0 |   0.0
            +---------+---------+-------+---------+---------+-------
